 Dungeon Crawl Stone Soup version 0.32-a0-468-g38b2580584 (webtiles) character file.

Game seed: 12136181070949563247

352 ezpacito the Trooper (level 6, -1/78 HPs)
             Began as a Demonspawn Chaos Knight on Feb 25, 2024.
             Was a Plaything of Xom.
             Incinerated by a bombardier beetle (4 damage)
             ... with a burning spray
             ... on level 4 of the Dungeon.
             The game lasted 00:03:39 (2716 turns).

ezpacito the Trooper (Demonspawn Chaos Knight)      Turns: 2716, Time: 00:03:39

Health: -1/78      AC: 23    Str: 14    XL:     6   Next: 35%
Magic:  7/7        EV:  2    Int: 13    God:    Xom [.....*]
Gold:   209        SH:  0    Dex: 14    Spells: 7/7 levels left

rFire   . . .        a - +0 hand axe (chaos)
rCold   . . .        (no shield)
rNeg    . . .        t - melded +4 robe of Beyond {rC+ Dex+2}
rPois   +            (helmet currently unavailable)
rElec   .            (cloak currently unavailable)
rCorr   +            (gloves currently unavailable)
SInv    .            k - melded +1 pair of boots
Will    .....        (no amulet)
Stlth   +            m - ring of resist corrosion
HPRegen 0.33/turn    (no ring)
MPRegen 0.10/turn

%: no passive effects
@: brilliant, on fire, tree-form, glowing
A: stationary, stasis, torment immunity, boosted hp, foul stench 1, (sharp
scales 1), condensation shield, (weakness stinger 1), thin skeletal structure 1,
robust 1, no potion heal 1
a: Renounce Religion


You were on level 4 of the Dungeon.
You worshipped Xom.
You were Xom's teddy bear.
You were a tree.
You visited 1 branch of the dungeon, and saw 4 of its levels.

You collected 209 gold pieces.

Inventory:

Hand Weapons
 a - a +0 hand axe of chaos (weapon)
Missiles
 p - 4 poisoned darts (quivered)
 u - a boomerang
Armour
 d - a +0 scale mail
 e - a +0 plate armour
 k - a +1 pair of boots (melded)
 t - the +4 robe of Beyond (melded) {rC+ Dex+2}
   (You found it on level 2 of the Dungeon)

   Dex+2:     It affects your dexterity (+2).
   rC+:       It protects you from cold.
Jewellery
 m - a ring of resist corrosion (left branch)
Wands
 l - a wand of flame (10)
Scrolls
 b - a scroll of noise {unknown}
 c - 2 scrolls of butterflies
 h - 2 scrolls of revelation {unknown}
 i - 2 scrolls of teleportation {unknown}
 n - a scroll of poison {unknown}
 q - a scroll of silence {unknown}
 r - 3 scrolls of fear
 v - a scroll of immolation {unknown}
 w - a scroll of enchant weapon {unknown}
Potions
 g - 4 potions of attraction
 s - a potion of degeneration {unknown}


   Skills:
 * Level 3.7 Fighting
 * Level 3.6(3.7) Axes
 + Level 1.2(2.6) Polearms
 * Level 2.8 Armour
 * Level 2.2 Dodging
 + Level 1.5 Stealth
 * Level 1.7 Unarmed Combat
 + Level 1.2 Spellcasting
 + Level 1.0 Evocations


You had 7 spell levels left.
You didn't know any spells.
Your spell library contained the following spells:

 Spells                   Type           Power      Damage    Failure   Level
 Shock                    Conj/Air       4%         1d3       28%         1
 Slow                     Hex            4%         N/A       28%         1
 Confusing Touch          Hex            1%         N/A       63%         3
 Sigil of Binding         Hex            1%         N/A       63%         3
 Swiftness                Air            1%         N/A       63%         3
 Vampiric Draining        Necr           1%         2d6       63%         3
 Airstrike                Air            0%         2d(1-17)  95%         4


Dungeon Overview and Level Annotations

Branches:
Dungeon (4/15)
 Temple: D:4-7

Altars:
Ashenzari
Gozag

Annotations:
D:3 3 runed translucent doors, Jigsaw's ghost, amateur OpDe


Innate Abilities, Weirdness & Mutations

You are a tree.
Your roots penetrate the ground, keeping you stationary.
You cannot be teleported.
You are immune to unholy pain and torment.
Your maximum health is greatly increased.
Your equipment is partially melded.
You may rarely emit foul miasma when damaged in melee.
((You are partially covered in razor-sharp scales. (AC +1, Slay +1)))
A meltable shield of frost defends you. (SH +0)
((You have a small tail.))
You have a somewhat thin skeletal structure. (Dex +2, Stealth+)
You are robust. (+10% HP)
Potions are less effective at restoring your health.


Message History

The liquid fire burns you!
It was a potion of lignification.
You turn into a tree.
Your +1 pair of boots melds into your body.
The +4 robe of Beyond {rC+ Dex+2} melds into your body.
Your roots penetrate the ground.
Xom is highly amused!
The liquid fire burns you!
* * * LOW HITPOINT WARNING * * *
It was a potion of mutation.
You feel extremely strange.
You feel robust.
Your bones become slightly less dense.
Your system partially rejects the healing effects of potions.
Xom roars with laughter!
The liquid fire burns you!
* * * LOW HITPOINT WARNING * * *
The bombardier beetle bites you but does no damage.
It was a potion of brilliance.
You feel clever all of a sudden. The liquid fire burns you!
* * * LOW HITPOINT WARNING * * *
It was a potion of curing.
Your system partially rejects the healing.
You feel better. The liquid fire burns you!
* * * LOW HITPOINT WARNING * * *
The bombardier beetle bites you but does no damage.
You hit the bombardier beetle.
The bombardier beetle suddenly seems more resistant.
The bombardier beetle is heavily wounded.
The liquid fire burns you!
* * * LOW HITPOINT WARNING * * *
Unknown command.
You hit the bombardier beetle but do no damage.
The bombardier beetle is poisoned.
The bombardier beetle is heavily wounded.
The liquid fire burns you!
* * * LOW HITPOINT WARNING * * *
You closely miss the bombardier beetle.
The bombardier beetle is almost dead.
The liquid fire burns you!
You die...

#.. #..###
#....########
##............ ,
**####.............
, ,
.............[... *
#.........".). **,
#...)........* , ,*
#...÷♣.......* * *
#.#...B......
###.#..?.......* ,*
#...##.........* ,*
#.#####.##.#### *
##.# #.# .# ,*
######..## #)#*,# ,
,.........# #.#*
**######.#.# #)# #


You could see a bombardier beetle (resistant, very poisoned, slow, vitrified).

Vanquished Creatures
  An orc warrior (D:3)
  An orc priest (D:3)
  An iguana (D:4)
  2 sleepcaps (D:4)
  An orc wizard (D:3)
  5 adders
  A dart slug (D:3)
  2 ribbon worms (D:2)
  11 orcs
  4 ball pythons
  8 endoplasms
  A giant cockroach (D:3)
  6 goblins
  5 hobgoblins
  2 jackals (D:1)
  3 quokkas
  5 bats
  A frilled lizard (D:2)
  5 kobolds
  6 rats
71 creatures vanquished.

Notes
Turn   | Place    | Note
-------+----------+-------------------------------------------
     0 | D:1      | ezpacito the Demonspawn Chaos Knight began the quest for
                  | the Orb.
     0 | D:1      | Reached XP level 1. HP: 18/18 MP: 1/1
    32 | D:1      | Reached skill level 1 in Dodging
    85 | D:1      | XOM: potion effect (might)
   260 | D:1      | Gained mutation: You are partially covered in razor-sharp
                  | scales. (AC +1, Slay +1) [demonic ancestry]
   260 | D:1      | Reached XP level 2. HP: 24/24 MP: 2/2
   319 | D:1      | XOM: noise
   726 | D:2      | XOM: silly message
   766 | D:2      | XOM: potion effect (invisibility)
   850 | D:2      | Reached XP level 3. HP: 23/29 MP: 3/3
  1207 | D:2      | Identified the +4 robe of Beyond {rC+ Dex+2}
  1432 | D:2      | XOM: silly message
  1662 | D:3      | Gained mutation: A meltable shield of frost defends you.
                  | (SH +0) [demonic ancestry]
  1662 | D:3      | Reached XP level 4. HP: 21/35 MP: 4/4
  1863 | D:3      | Reached skill level 1 in Stealth
  1894 | D:3      | XOM: butterfly on damage
  1901 | D:3      | Reached skill level 1 in Unarmed Combat
  1911 | D:3      | Gained mutation: You may rarely emit foul miasma when
                  | damaged in melee. [demonic ancestry]
  1911 | D:3      | Reached XP level 5. HP: 39/41 MP: 4/6
  2003 | D:3      | Found a runed translucent gate.
  2004 | D:3      | Found a runed translucent gate.
  2004 | D:3      | Found an opulent altar of Gozag.
  2004 | D:3      | Found a runed translucent gate.
  2007 | D:3      | Noticed Jigsaw's ghost (amateur OpDe)
  2026 | D:3      | Found a broken altar of Ashenzari.
  2353 | D:4      | XOM: silly message
  2365 | D:4      | Reached skill level 1 in Polearms
  2451 | D:4      | XOM: divination: magic mapping
  2494 | D:4      | Noticed an orc warrior
  2500 | D:4      | XOM: confuse monster(s)
  2517 | D:4      | XOM: enchant monster (good)
  2518 | D:4      | Reached skill level 1 in Spellcasting
  2542 | D:4      | XOM: smoke on damage
  2549 | D:3      | Killed an orc warrior
  2550 | D:3      | Reached skill level 1 in Evocations
  2550 | D:3      | Gained mutation: You have a small tail. [demonic ancestry]
  2550 | D:3      | Reached XP level 6. HP: 14/48 MP: 7/7
  2565 | D:3      | XOM: god gift: glowing grey potion {god gift}
  2711 | D:4      | Gained mutation: You are robust. (+10% HP) [potion of
                  | mutation]
  2711 | D:4      | Gained mutation: You have a somewhat thin skeletal
                  | structure. (Dex +2, Stealth+) [potion of mutation]
  2711 | D:4      | Gained mutation: Potions are less effective at restoring
                  | your health. [potion of mutation]
  2715 | D:4      | HP: 3/78 [burnt (5)]
  2716 | D:4      | Incinerated by a bombardier beetle

Illustrated notes

Levels and vault maps discovered:
D:1:      lemuel_arrival_room, layout_basic
D:2:      layout_loops_cross
D:3:      layout_loops_ring, nicolae_ashenzari_skybound, ebering_ghost_gozag,
          minmay_goblin_kobold_house
D:4:      layout_loops_ring, nzn_wu_jian_contemplation, saegor_snake_ambush,
          uniq_crazy_yiuf_cottage, uniq_menkaure, uniq_ijyb

Skill      XL: |  1  2  3  4  5 |
---------------+----------------+-----
Dodging        | 1 2 |  2.2
Armour         | 2 |  2.8
Axes           | 3 |  3.6
Stealth        | 1 |  1.5
Unarmed Combat | 1 |  1.7
Polearms       | 1 |  1.2
Spellcasting   | 1 |  1.2
Evocations     | 1 |  1.0
Fighting       | |  3.7

Action                     |  1- 3 |  4- 6 || total
---------------------------+-------+-------++-------
  Melee: Hand axe          |    84 |   100 ||   184
         Tailslap          |       |     2 ||     2
  Evoke: Wand              |       |     2 ||     2
    Use: Scroll            |     3 |     1 ||     4
         Potion            |       |     7 ||     7
   Stab: Sleeping          |     4 |     6 ||    10
         Invisible         |     3 |       ||     3
         Paralysed         |     1 |     2 ||     3
 Armour: Leather armour    |    32 |       ||    32
         Robe              |    15 |    46 ||    61
         Skin              |       |     2 ||     2
  Dodge: Dodged            |    57 |    40 ||    97
  Block: Other             |       |    17 ||    17

Table legend: (Time is in decaauts)
 A = Elapsed time spent in this place.
 B = Non-inter-level travel time spent in this place.
 C = Inter-level travel time spent in this place.
 D = Time resting spent in this place.
 E = Time spent auto-exploring this place.
 F = Levels seen in this place.
 G = Mean time per level.
                   A        B        C        D        E       F      G
               +--------+--------+--------+--------+--------+-----+--------+
         Total |   2741 |   2607 |    134 |    187 |   1889 |   4 |  685.2 |
       Dungeon |   2741 |   2607 |    134 |    187 |   1889 |   4 |  685.2 |
               +--------+--------+--------+--------+--------+-----+--------+

Top non-repeatable levels by time:
     D:3: 1004 daAuts
     D:2: 931 daAuts
     D:1: 568 daAuts
     D:4: 237 daAuts
